 Dungeon Crawl Stone Soup version 0.28.0-47-ge53b351184 (webtiles) character file.

Game seed: 3348959632154730445

86 safid the Chopper (level 4, 0/40 HPs)
             Began as a Hill Orc Fighter on May 2, 2022.
             Slain by a killer bee zombie (5 damage)
             ... on level 3 of the Dungeon.
             The game lasted 00:01:54 (2238 turns).

safid the Chopper (Hill Orc Fighter)                Turns: 2238, Time: 00:01:56

Health: 0/40       AC:  8    Str: 20    XL:     4   Next: 49%
Magic:  4/4        EV:  9    Int:  8    God:
Gold:   63         SH:  4    Dex: 10    Spells: 3/3 levels left

rFire   . . .      SeeInvis .   a - +0 war axe
rCold   . . .      Faith    .   c - +0 buckler
rNeg    . . .      Spirit   .   b - +0 scale mail
rPois   .          Reflect  .   (no helmet)
rElec   .          Harm     .   (no cloak)
rCorr   .          Rampage  .   k - +0 pair of gloves
Will    .....                   (no boots)
Stlth   ..........              (no amulet)
HPRegen 0.13/turn               (no ring)
MPRegen 0.09/turn               (no ring)

@: no status effects
A: no striking features
a: no special abilities


You were on level 3 of the Dungeon.
You visited 1 branch of the dungeon, and saw 3 of its levels.

You collected 63 gold pieces.

Inventory:

Hand Weapons
 a - a +0 war axe (weapon)
Armour
 b - a +0 scale mail (worn)
 c - a +0 buckler (worn)
 k - a +0 pair of gloves (worn)
Scrolls
 f - 3 scrolls of identify {unknown}
 g - a scroll of brand weapon {unknown}
 h - a scroll of blinking {unknown}
 i - a scroll of silence {unknown}
 j - a scroll of amnesia {unknown}
Potions
 d - a potion of might
 e - 2 potions of curing {unknown}


   Skills:
 - Level 4.0 Fighting
 + Level 4.4 Axes
 - Level 4.0 Armour
 - Level 4.0 Shields


You had 3 spell levels left.
You didn't know any spells.
Your spell library contained the following spells:

 Spells                   Type           Power      Damage    Failure   Level
 Blink                    Tloc           0%         N/A       94%         2
 Lesser Beckoning         Tloc           0%         N/A       99%         3
 Manifold Assault         Tloc           0%         N/A       100%        5


Dungeon Overview and Level Annotations

Branches:
Dungeon (3/15)

Altars:

Annotations:
D:3 3 runed translucent doors, Iusername's ghost, amateur HuFi


Message History

The killer bee zombie hits you but does no damage.
You slash the killer bee zombie!
The killer bee zombie is heavily damaged.
The killer bee zombie closely misses you.
You block the killer bee zombie's attack.
You completely miss the killer bee zombie.
The killer bee zombie is heavily damaged.
The killer bee zombie hits you. x3
You are too injured to fight recklessly!
You are too injured to fight recklessly!
You are too injured to fight recklessly!
You are too injured to fight recklessly!
You are too injured to fight recklessly!
You are too injured to fight recklessly!
You are too injured to fight recklessly!
You are too injured to fight recklessly!
You are too injured to fight recklessly!
You are too injured to fight recklessly!
You are too injured to fight recklessly!
You are too injured to fight recklessly!
You are too injured to fight recklessly!
You are too injured to fight recklessly!
You are too injured to fight recklessly!
You are too injured to fight recklessly!
You are too injured to fight recklessly!
You are too injured to fight recklessly!
You are too injured to fight recklessly!
Unknown command.
You completely miss the killer bee zombie.
The killer bee zombie is heavily damaged.
The killer bee zombie hits you.
* * * LOW HITPOINT WARNING * * *
The killer bee zombie barely misses you.
You hit the killer bee zombie.
The killer bee zombie is severely damaged.
The killer bee zombie barely misses you.
The killer bee zombie hits you.
* * * LOW HITPOINT WARNING * * *
The killer bee zombie hits you.
You die...

#.###.# #..##.#
#.## #.# #.#
#.....# #.<#
#.###†####.#####
#..#
#............
#..#
#####.####.#
.... .######.#
.#### ........#
.. ######..# ..
.......@# #..
##.###.Z# #..#
#..# #..# #...
##.# #..


You could see a killer bee zombie.

Vanquished Creatures
  5 adders
  2 worms (D:2)
  2 dart slugs
  2 bats (D:1)
  An endoplasm (D:1)
  2 hobgoblins
  3 jackals (D:1)
  9 ball pythons
  A frilled lizard (D:1)
  2 goblins (D:1)
  A kobold (D:1)
  4 rats
34 creatures vanquished.

Notes
Turn   | Place    | Note
-------+----------+-------------------------------------------
     0 | D:1      | safid the Hill Orc Fighter began the quest for the Orb.
     0 | D:1      | Reached XP level 1. HP: 19/19 MP: 1/1
   188 | D:1      | Reached XP level 2. HP: 25/27 MP: 2/2
   607 | D:1      | Found a faded altar of an unknown god.
   992 | D:2      | Reached XP level 3. HP: 23/33 MP: 3/3
  1412 | D:2      | Reached XP level 4. HP: 14/40 MP: 4/4
  1980 | D:3      | Found a runed translucent gate.
  1981 | D:3      | Found a runed translucent gate.
  1983 | D:3      | Found a runed translucent gate.
  1985 | D:3      | Noticed Iusername's ghost (amateur HuFi)
  2238 | D:3      | Slain by a killer bee zombie

Illustrated notes

Levels and vault maps discovered:
D:1:      co_arrival_square_in_a_square_in_a_square, layout_loops_ring,
          shapermc_ecumenical_altar_pompeii
D:2:      layout_loops_ring
D:3:      layout_basic, gammafunk_ghost_split

Skill      XL: |  1  2  3  4 |
---------------+-------------+-----
Axes           | 3 4 |  4.4
Fighting       | 4 |  4.0
Armour         | 4 |  4.0
Shields        | 4 |  4.0

Action                   |  1- 3 |  4- 6 || total
-------------------------+-------+-------++-------
Melee: War axe           |    94 |    38 ||   132
Armor: Scale mail        |    39 |    17 ||    56
Dodge: Dodged            |    46 |    24 ||    70
Block: Buckler           |    28 |     9 ||    37
